 Dungeon Crawl Stone Soup version 0.30-b1-2-g02819fbbbe (webtiles) character file.

Game seed: 17221966209769681048

14030 LLlMATKO the Cleaver (level 11, -4/104 HPs)
             Began as a Minotaur Berserker on Nov 28, 2023.
             Was an Elder of Trog.
             Killed from afar by a manticore (18 damage)
             ... with a volley of spikes
             ... on level 11 of the Dungeon.
             The game lasted 00:08:50 (12178 turns).

LLlMATKO the Cleaver (Minotaur Berserker)          Turns: 12178, Time: 00:08:51

Health: -4/104     AC: 14    Str: 26    XL:     11   Next: 83%
Magic:  10/10      EV: 12    Int:  4    God:    Trog [****..]
Gold:   1029       SH:  0    Dex: 10    Spells: 10/10 levels left

rFire   + . .        L - +2 executioner's axe "Uwkaceeb" {heavy, rPois Will+}
rCold   . . .        (shield currently unavailable)
rNeg    . . .        z - +2 chain mail {rPois}
rPois   +            R - +0 hat
rElec   .            (no cloak)
rCorr   .            (no gloves)
SInv    .            (no boots)
Will    +....        (no amulet) Stlth
                     s - ring of protection from fire
HPRegen 0.37/turn    (no ring)
MPRegen 0.12/turn

%: no passive effects
@: spiked
A: horns 2, retaliatory headbutt
a: Renounce Religion, Berserk, Trog's Hand, Brothers in Arms


You were on level 11 of the Dungeon.
You worshipped Trog.
Trog was greatly pleased with you.
You visited 1 branch of the dungeon, and saw 12 of its levels.

You collected 1232 gold pieces.
You spent 203 gold pieces at shops.

Inventory:

Hand Weapons
 a - a +0 hand axe
 o - a +2 antimagic hand axe
 D - a +2 hand axe of electrocution
 I - a +0 broad axe
 J - a +2 heavy hand axe
 K - a +7 war axe of freezing
 L - the +2 executioner's axe "Uwkaceeb" (weapon) {heavy, rPois Will+}
   (Trog gifted it to you on level 10 of the Dungeon)

   rPois:     It protects you from poison.
   Will:      It increases your willpower.
Missiles
 k - 30 poisoned darts (quivered)
 E - a curare-tipped dart
 F - 7 javelins
Armour
 z - a +2 chain mail of poison resistance (worn)
 H - a +0 plate armour
 R - a +0 hat (worn)
Jewellery
 s - a ring of protection from fire (left hand)
 M - an amulet of faith
 N - a +6 ring of strength
Wands
 u - a wand of paralysis (31)
 G - a wand of polymorph (9)
 P - a wand of roots (5)
 Q - a wand of light (2)
Scrolls
 c - 7 scrolls of identify
 d - 3 scrolls of blinking
 f - a scroll of amnesia {unknown}
 j - 5 scrolls of immolation {unknown}
 l - 2 scrolls of enchant weapon {unknown}
 r - 3 scrolls of enchant armour {unknown}
 t - a scroll of torment {unknown}
 x - 4 scrolls of teleportation {unknown}
 y - 2 scrolls of magic mapping {unknown}
 A - 3 scrolls of fear {unknown}
 O - a scroll of noise {unknown}
Potions
 b - 3 potions of heal wounds {unknown}
 e - 3 potions of mutation {unknown}
 g - 5 potions of brilliance
 h - 2 potions of resistance {unknown}
 m - 4 potions of curing {unknown}
 n - 3 potions of ambrosia {unknown}
 p - 2 potions of attraction {unknown}
 q - 6 potions of flight {unknown}
 v - 2 potions of lignification {unknown}
 w - a potion of invisibility {unknown}
 B - 4 potions of haste {unknown}
 C - a potion of might {unknown}
 S - a potion of degeneration {unknown}


   Skills:
 + Level 12.1 Fighting
 + Level 12.1 Axes
 + Level 11.8 Armour
 + Level 10.8 Dodging


You had 10 spell levels left.
You didn't know any spells.
Your spell library was empty.

Dungeon Overview and Level Annotations

Branches:
Dungeon (12/15)            Temple (0/1) D:4            Lair (0/5) D:10
    Orc: D:9-12

Altars:
Ashenzari
Elyvilon
Gozag
Makhleb
Okawaru
Qazlal
Ru
Wu Jian
Yredelemnul
Zin

Shops:
D:5 *   D:10 !

Portals:
Trove: D:10 (give +4 shadow dragon scales)


Innate Abilities, Weirdness & Mutations

You have a pair of horns on your head.
You reflexively headbutt those who attack you in melee.


Message History

You throw a poisoned dart. The poisoned dart hits the manticore.
The manticore is lightly wounded.
The manticore struggles against the net.
The net rips apart, and the manticore comes free!
Throw: 34 darts (poison)
Press: ? - help, Q - select action, (/) - cycle Shift-Dir - straight line, f/p - manticore
Aim: a manticore (lightly wounded, extremely poisoned, 73% to hit)
You throw a poisoned dart. The poisoned dart hits the manticore.
The manticore is lightly wounded.
Unknown command.
Throw: 33 darts (poison)
Press: ? - help, Q - select action, (/) - cycle Shift-Dir - straight line, f/p - manticore
Aim: a manticore (lightly wounded, extremely poisoned, 73% to hit)
You throw a poisoned dart.
The poisoned dart barely misses the manticore.
Unknown command.
The barbs in your skin will harm you if you move.
Continue?
Okay, then.
Throw: 32 darts (poison)
Press: ? - help, Q - select action, (/) - cycle Shift-Dir - straight line, f/p - manticore
Aim: a manticore (lightly wounded, very poisoned, 73% to hit)
You throw a poisoned dart. The poisoned dart hits the manticore.
The manticore is lightly wounded.
The manticore flicks its tail.
The volley of spikes hits you!
The barbed spikes become lodged in your body.
* * * LOW HITPOINT WARNING * * *
The barbs in your skin will harm you if you move.
Continue? [Y]es or [N]o only, please.
The barbs in your skin will harm you if you move.
Continue?
Okay, then.
Throw: 31 darts (poison)
Press: ? - help, Q - select action, (/) - cycle Shift-Dir - straight line, p - manticore You throw a poisoned dart.
The poisoned dart hits the manticore.
The manticore looks as sick as possible!
The manticore is moderately wounded.
The manticore flicks its tail.
The volley of spikes hits you!!
The barbed spikes become lodged in your body.
You die...

...............
........................
........................
........................
........................
(.......................
...(.............#######
........$........'......
.....H.@.........#######
###..........#####
#.#...#..#.# ##......
.......................
≈≈≈≈≈≈≈≈≈≈≈≈≈≈≈≈≈≈≈≈≈≈≈8
≈≈≈≈≈≈≈≈≈≈≈≈≈≈≈≈≈≈≈≈≈≈8≈
####################'.≈≈
..........#.≈≈ ##.≈≈#
..........##≈≈


You could see a manticore (extremely poisoned).

Vanquished Creatures
  Josephine (D:10)
  A two-headed ogre (D:10)
  Amaemon (D:10)
  Nergalle (D:11)
  Lodul (D:11)
  A deep elf pyromancer (D:12)
  2 slime creatures (D:12)
  An orange demon (D:10)
  Psyche (D:10)
  3 rime drakes (D:10)
  A kobold demonologist (D:11)
  A komodo dragon (D:11)
  2 guardian mummies (D:10)
  3 shadows
  4 vampires
  A water elemental (D:11)
  3 yaks (D:10)
  6 wraiths
  A steam dragon (D:9)
  3 vampire mosquitoes (D:10)
  Menkaure (D:7)
  3 wargs (D:10)
  2 water moccasins
  7 orc warriors
  2 sky beasts
  An ice beast (D:6)
  4 centaurs
  10 ogres
  2 kobold brigands
  A bullfrog (D:7)
  3 scorpions
  4 wights (D:9)
  3 killer bees (D:10)
  6 howler monkeys
  3 electric eels (D:11)
  A crimson imp (D:6)
  13 orc priests
  A jelly (D:5)
  A hound (D:6)
  3 iguanas
  A sleepcap (D:7)
  12 orc wizards
  7 gnolls
  8 adders
  A shadow imp (D:6)
  A white imp (D:6)
  An ufetubus (D:5)
  A worm (D:2)
  The ghost of yogakurto the Sneak, a weakling FoDe (D:4)
  7 dart slugs
  53 orcs
  11 endoplasms
  2 giant cockroaches
  8 goblins
  5 hobgoblins
  4 jackals
  7 quokkas
  14 ball pythons
  6 bats
  4 frilled lizards
  18 kobolds
  8 rats
289 creatures vanquished.

Vanquished Creatures (others)
  An orc (D:11)
1 creature vanquished.

Grand Total: 290 creatures vanquished

Notes
Turn   | Place    | Note
-------+----------+-------------------------------------------
     0 | D:1      | LLlMATKO the Minotaur Berserker began the quest for the
                  | Orb.
     0 | D:1      | Reached XP level 1. HP: 19/19 MP: 0/0
   155 | D:1      | Reached XP level 2. HP: 22/27 MP: 1/1
   435 | D:1      | Reached ** piety under Trog
   484 | D:1      | Reached XP level 3. HP: 29/33 MP: 2/2
  2018 | D:3      | Reached XP level 4. HP: 41/41 MP: 3/3
  2212 | D:3      | Found an ornate altar of the Wu Jian Council.
  2213 | D:3      | Found an iron altar of Okawaru.
  2216 | D:3      | Found a sacrificial altar of Ru.
  2277 | D:3      | Found a faded altar of an unknown god.
  2282 | D:3      | Found a broken altar of Ashenzari.
  2574 | D:3      | Found a faded altar of an unknown god.
  2664 | D:3      | Reached *** piety under Trog
  2692 | D:3      | Identified the +1 spear "Xidajud" {freeze, Dex+3}
  2840 | D:4      | Found a staircase to the Ecumenical Temple.
  2920 | D:4      | Reached XP level 5. HP: 47/47 MP: 4/4
  2978 | D:4      | Found a runed translucent door.
  3327 | D:4      | Reached skill level 5 in Fighting
  3451 | D:4      | Noticed yogakurto's ghost (weakling FoDe)
  3498 | D:4      | Reached skill level 5 in Axes
  3503 | D:4      | Reached XP level 6. HP: 49/56 MP: 5/5
  3695 | D:4      | Killed yogakurto's ghost
  3758 | D:5      | Entered Level 5 of the Dungeon
  4135 | D:5      | Reached skill level 5 in Armour
  4159 | D:5      | Noticed a water moccasin
  4166 | D:5      | Killed a water moccasin
  4167 | D:5      | Reached XP level 7. HP: 50/62 MP: 6/6
  4760 | D:5      | Found Cumujiq's Serpentskin Sales.
  4763 | D:5      | Reached skill level 5 in Dodging
  4770 | D:5      | Bought a +2 chain mail of poison resistance for 203 gold
                  | pieces
  5006 | D:6      | Reached **** piety under Trog
  5066 | D:6      | Reached XP level 8. HP: 71/71 MP: 2/7
  5239 | D:6      | Found a burning altar of Makhleb.
  5616 | D:7      | Found a white marble altar of Elyvilon.
  5733 | D:7      | Noticed Menkaure
  5741 | D:7      | Killed Menkaure
  5885 | D:7      | Reached XP level 9. HP: 80/81 MP: 2/8
  6188 | D:8      | Found a glowing silver altar of Zin.
  6369 | D:8      | Found a basalt altar of Yredelemnul.
  7495 | D:9      | Reached ***** piety under Trog
  8095 | D:9      | Found an opulent altar of Gozag.
  8096 | D:9      | Found a stormy altar of Qazlal.
  8368 | D:10     | Entered Level 10 of the Dungeon
  8432 | D:10     | Reached XP level 10. HP: 73/91 MP: 9/9
  8436 | D:10     | Identified the +2 executioner's axe "Uwkaceeb" {heavy,
                  | rPois Will+} (Trog gifted it to you on level 10 of the
                  | Dungeon)
  8436 | D:10     | Received a gift from Trog
  8549 | D:10     | Found a staircase to the Lair.
  8581 | D:10     | Noticed Amaemon
  8584 | D:10     | Noticed Josephine
  8584 | D:10     | Noticed an orange demon
  8591 | D:10     | Killed Josephine
  8592 | D:10     | Reached skill level 10 in Fighting
  8592 | D:10     | Reached skill level 10 in Axes
  8592 | D:10     | Killed Amaemon
  8595 | D:10     | Killed an orange demon
  8817 | D:10     | Noticed Psyche
  8829 | D:10     | Killed Psyche
  8830 | D:10     | Reached skill level 10 in Armour
  9213 | D:10     | Found Ystyseaf's Distillery.
  9277 | D:10     | Found a portal to a secret trove of treasure.
  9285 | D:10     | Reached XP level 11. HP: 34/101 MP: 10/10
  9555 | D:10     | Found the +4 skin of Zhor {*Englaciate rC+++ SInv}
  9665 | D:10     | Noticed a two-headed ogre
  9669 | D:10     | Killed a two-headed ogre
 10235 | D:11     | Reached skill level 10 in Dodging
 10404 | D:11     | Noticed Lodul
 10744 | D:12     | Noticed a deep elf pyromancer
 10747 | D:12     | HP: 4/153 [deep elf pyromancer/+0 long sword (4)]
 10748 | D:12     | Killed a deep elf pyromancer
 11009 | D:11     | Killed Lodul
 11323 | D:11     | Noticed Nergalle
 11334 | D:11     | Killed Nergalle
 12178 | D:11     | Killed from afar by a manticore

Illustrated notes

Levels and vault maps discovered:
D:1:      dpeg_arrival_water_temple_mockup, layout_basic, hex_intersection,
          minmay_misc_feat_secret_circle, minmay_bisected
D:2:      layout_basic, minmay_misc_feat_four_crosses
D:3:      minmay_chambers_of_threes, layout_basic,
          nicolae_overflow_ecumenical_swirl, minitemple,
          dilly_ecumenical_altar_fadedgnrine, minmay_box_of_dots
D:4:      kennysheep_slugbush, layout_loops_ring, minmay_temple_entry_overgrown,
          ebering_ghost_sewer_d, kennysheep_cross_bottleneck, dk_noncrumbling_2,
          minmay_misc_feat_alley
D:5:      layout_basic, guppyfry_shop_venom
D:6:      layout_gridville, makhleb_grotto_becter
D:7:      layout_cave_pools, amcnicky_altar_gilded, uniq_menkaure
D:8:      layout_basic, zin_academy, mainiacjoe_overflow_six_doors_small
D:9:      layout_stronghold, gammafunk_temple_overflow_pools,
          minmay_misc_feat_diagonals
D:10:     layout_irregular_city, erik_lair_orcish_takeover, serial_shops,
          nicolae_shop_industrial_runoff, nicolae_trove_entry_path_of_doom,
          hellmonk_guarded_unrand_zhor, uniq_josephine, uniq_psyche,
          uniq_amaemon
D:11:     layout_stronghold, erik_orc_2, eino_tiny_chamber, grunt_ministairs_12,
          uniq_nergalle, uniq_lodul, uniq_harold
D:12:     layout_irregular_city

Skill      XL: |  1  2  3  4  5  6  7  8  9 10 11 |
---------------+----------------------------------+-----
Fighting       | 4 5 6 7 9 10 12 | 12.1
Axes           | 4 5 6 7 9 10 12 | 12.1
Armour         | 3 4 5 6 7 8 10 11 | 11.8
Dodging        | 3 4 5 6 8 9 10 | 10.8

Action                     |  1- 3 |  4- 6 |  7- 9 | 10-12 || total
---------------------------+-------+-------+-------+-------++-------
  Melee: Hand axe          |    93 |   104 |   242 |       ||   439
         Headbutt          |    13 |    22 |    53 |    26 ||   114
         Punch             |       |     1 |     2 |       ||     3
         War axe           |       |       |    13 |    25 ||    38
         Executioner's axe |       |       |       |   130 ||   130
  Throw: Dart              |       |       |       |     9 ||     9
         Throwing net      |       |       |       |     3 ||     3
 Invoke: Berserk           |       |     3 |     6 |     7 ||    16
    Use: Scroll            |       |       |       |     2 ||     2
 Armour: Animal skin       |     8 |       |       |       ||     8
         Ring mail         |     4 |       |       |       ||     4
         Chain mail        |     1 |    45 |   124 |    98 ||   268
  Dodge: Dodged            |    64 |    52 |   145 |   151 ||   412
